 Dungeon Crawl Stone Soup version 0.31.0-32-g396128a36d (webtiles) character file.

Game seed: 6331807513588108842

7 spaghetti the Trooper (level 2, 0/33 HPs)
             Began as an Oni Chaos Knight on Mar 22, 2024.
             Was a Plaything of Xom.
             Frozen to death by an endoplasm (1 damage)
             ... on level 1 of the Dungeon.
             The game lasted 00:00:13 (94 turns).

spaghetti the Trooper (Oni Chaos Knight)              Turns: 94, Time: 00:00:14

Health: 0/33       AC:  5    Str: 15    XL:     2   Next: 0%
Magic:  2/2        EV:  9    Int: 13    God:    Xom [.*....]
Gold:   6          SH:  0    Dex:  8    Spells: 1/1 levels left

rFire   . . .        a - +0 mace (chaos)
rCold   . . .        (no shield)
rNeg    . . .        b - +2 robe
rPois   .            (helmet restricted)
rElec   .            (no cloak)
rCorr   .            (gloves unavailable)
SInv    .            (boots unavailable)
Will    .....        (no amulet)
Stlth   +            (no ring)
HPRegen 0.25/turn    (no ring)
MPRegen 0.08/turn

%: no passive effects
@: no status effects
A: large, unfitting armour, horns 1, tough skin 1, double potion healing,
drunken brawling
a: Renounce Religion


You were on level 1 of the Dungeon.
You worshipped Xom.
You were a plaything of Xom.
You visited 1 branch of the dungeon, and saw 1 of its levels.

You collected 6 gold pieces.

Inventory:

Hand Weapons
 a - a +0 mace of chaos (weapon)
Armour
 b - a +2 robe (worn)
Scrolls
 c - a scroll of butterflies
 e - a scroll of revelation {unknown}
Potions
 d - a potion of might {unknown}


   Skills:
 + Level 4.7 Fighting
 - Level 3.0 Maces & Flails
 - Level 2.1 Dodging


You had one spell level left.
You didn't know any spells.
Your spell library contained the following spells:

 Spells                   Type           Power      Damage    Failure   Level
 Apportation              Tloc           0%         N/A       30%         1
 Necrotise                Necr           0%         1d4       30%         1
 Sting                    Conj/Alch      0%         1d3       30%         1
 Summon Small Mammal      Summ           0%         N/A       30%         1


Dungeon Overview and Level Annotations

Branches:
Dungeon (1/15)

Altars:


Innate Abilities, Weirdness & Mutations

You are too large for most types of armour.
You have a pair of small horns on your head.
You have tough skin. (AC +1)
You gain doubled healing and magic from potions.
Whenever you drink a healing potion, you attack all around you.


Message History

You kill the jackal!
The jackal bites you but does no damage.
The quokka bites you.
The jackal bites you but does no damage.
The endoplasm barely misses you. The quokka misses you.
You have reached level 2!
You barely miss the jackal. The jackal bites you.
You emit a cloud of colourful smoke!
The quokka bites you. The endoplasm completely misses you.
The quokka barely misses you.
The jackal bites you but does no damage.
You closely miss the jackal. You headbutt the jackal.
The jackal is moderately wounded.
The quokka barely misses you. The quokka bites you.
* * * LOW HITPOINT WARNING * * *
The jackal bites you but does no damage.
The endoplasm hits you.
* * * LOW HITPOINT WARNING * * *
The quokka bites you.
* * * LOW HITPOINT WARNING * * *
The jackal completely misses you.
The quokka bites you but does no damage.
The endoplasm barely misses you.
You hit the jackal.
The jackal is poisoned.
The jackal is severely wounded.
The quokka bites you.
* * * LOW HITPOINT WARNING * * *
The jackal misses you. The quokka bites you.
* * * LOW HITPOINT WARNING * * *
The endoplasm barely misses you. The quokka bites you.
* * * LOW HITPOINT WARNING * * *
The jackal bites you but does no damage.
Unknown command.
Unknown command.
You barely miss the jackal.
The jackal is severely wounded.
The quokka closely misses you. The jackal barely misses you.
The endoplasm freezes you.
You are frozen.
You die...

..........#..###
#####....###...#
.......# #...#
#####...# #...#
#...###...# !
#.........#
...####.#..##...#
......r§§.###...#
..#.gh@### #####
......rJ#
.........
.........#
.........#
........##
$..#.>.## #######


You could see an endoplasm, 2 quokkas, a jackal (very poisoned) and a hobgoblin.

Vanquished Creatures
  2 endoplasms (D:1)
  2 jackals (D:1)
  A goblin (D:1)
5 creatures vanquished.

Vanquished Creatures (collateral kills)
  A bat (D:1)
1 creature vanquished.

Grand Total: 6 creatures vanquished

Notes
Turn   | Place    | Note
-------+----------+-------------------------------------------
     0 | D:1      | spaghetti the Oni Chaos Knight began the quest for the Orb.
     0 | D:1      | Reached XP level 1. HP: 24/24 MP: 1/1
     4 | D:1      | XOM: silly message
    18 | D:1      | XOM: cast spell 'Animate Armour'
    25 | D:1      | XOM: smoke on damage
    91 | D:1      | Reached XP level 2. HP: 14/33 MP: 2/2
    91 | D:1      | XOM: smoke on damage
    93 | D:1      | HP: 1/33 [quokka (2)]
    94 | D:1      | Frozen to death by an endoplasm

Illustrated notes

Levels and vault maps discovered:
D:1:      amcnicky_arrival_feature_with_door, layout_rooms, minmay_liquid_box

Action                     || total
---------------------------++-------
  Melee: Mace              ||    20
         Headbutt          ||     3
 Armour: Robe              ||    34
  Dodge: Dodged            ||    23
